 Dungeon Crawl Stone Soup version 0.28.0 (webtiles) character file.

Game seed: 16341796833765609975

45766 ZombieSheep the Fighter (level 14, -7/133 HPs)
             Began as a Minotaur Gladiator on Feb 5, 2022.
             Was an Initiate of Gozag.
             Mangled by an orc warrior (9 damage)
             ... on level 1 of the Orcish Mines.
             The game lasted 00:44:24 (23210 turns).

ZombieSheep the Fighter (Minotaur Gladiator)       Turns: 23210, Time: 00:44:25

Health: -7/133     AC:  9    Str: 21    XL:     14   Next: 2%
Magic:  13/13      EV: 12    Int:  5    God:    Gozag
Gold:   3774       SH:  0    Dex: 15    Spells: 13/13 levels left

rFire   + . .      SeeInvis .   a - +7 hand axe of Tishrit {vorpal, rElec}
rCold   . . .      Faith    .   (no shield)
rNeg    . . .      Spirit   .   E - +0 plate armour
rPois   +          Reflect  .   e - +1 hat "Beehe" {Rampage rElec rPois rC-}
rElec   +          Harm     .   H - +0 cloak
rCorr   .          Rampage  +   z - +1 pair of gloves
Will    +....                   N - +2 pair of boots {rampage}
Stlth   ..........              (no amulet)
HPRegen 0.32/turn               n - ring of protection from fire
MPRegen 0.13/turn               A - ring of protection from cold

@: corroded
A: horns 2, retaliatory headbutt
a: Renounce Religion, Potion Petition, Call Merchant, Bribe Branch


You were on level 1 of the Orcish Mines.
You worshipped Gozag.
Gozag was most pleased with you.
You visited 7 branches of the dungeon, and saw 22 of its levels.

You collected 4094 gold pieces.
You spent 217 gold pieces at shops.
You paid 103 gold pieces to Gozag.

Inventory:

Hand Weapons
 a - the +7 hand axe of Tishrit (weapon) {vorpal, rElec}
   (You found it on level 3 of the Dungeon)

   It inflicts extra damage upon your enemies.
   rElec:     It insulates you from electricity.
 b - a +2 spear of venom
 v - a +3 vorpal war axe
 F - a +0 battleaxe
Armour
 c - a +1 hat
 e - the +1 hat "Beehe" (worn) {Rampage rElec rPois rC-}
   (You found it on level 9 of the Dungeon)

   rC:        It makes you vulnerable to cold.
   rElec:     It insulates you from electricity.
   rPois:     It protects you from poison.
   Rampage:   It bestows one free step when moving towards enemies.
 z - a +1 pair of gloves (worn)
 E - a +0 plate armour (worn)
 H - a +0 cloak (worn)
 N - a +2 pair of boots of rampaging (worn)
Jewellery
 n - a ring of protection from fire (left hand)
 A - a ring of protection from cold (right hand)
 C - a ring of willpower
 G - a +4 ring of protection
 M - a ring of willpower
 O - a ring of poison resistance
Wands
 r - a wand of flame (46)
 x - a wand of iceblast (5)
 K - a wand of mindburst (7)
 L - a wand of polymorph (6)
Scrolls
 h - 5 scrolls of amnesia
 m - 2 scrolls of fog
 q - 3 scrolls of enchant armour
 s - a scroll of enchant weapon
 u - 2 scrolls of fear
 y - 11 scrolls of teleportation
 B - 4 scrolls of blinking
Potions
 d - 2 potions of haste
 f - 5 potions of mutation
 g - a potion of flight
 i - 3 potions of cancellation
 j - 4 potions of curing
 l - 3 potions of brilliance
 o - a potion of lignification {unknown}
 p - 2 potions of magic
 t - a potion of berserk rage {unknown}
 w - 3 potions of invisibility
 D - 4 potions of heal wounds
 I - a potion of resistance {unknown}
 J - 8 potions of ambrosia


   Skills:
 + Level 14.8 Fighting
 + Level 14.5(14.8) Axes
 - Level 4.7(10.5) Polearms
 - Level 2.0 Throwing
 + Level 14.5 Armour
 + Level 13.9 Dodging


You had 13 spell levels left.
You didn't know any spells.
Your spell library contained the following spells:

 Spells                   Type           Power      Damage    Failure   Level
 Beastly Appendage        Tmut           0%         N/A       99%         1
 Shock                    Conj/Air       0%         1d3       99%         1
 Sting                    Tmut/Pois      0%         1d3       99%         1
 Poisonous Vapours        Pois/Air       0%         N/A       100%        2
 Inner Flame              Hex/Fire       0%         N/A       100%        3
 Summon Guardian Golem    Hex/Summ       0%         N/A       100%        3
 Swiftness                Air            0%         N/A       100%        3
 Airstrike                Air            0%         N/A       100%        4
 Animate Armour           Summ/Erth      0%         N/A       100%        4
 Cause Fear               Hex            0%         N/A       100%        4
 Petrify                  Tmut/Erth      0%         N/A       100%        4
 Summon Lightning Spire   Summ/Air       0%         N/A       100%        4
 Blade Hands              Tmut           0%         N/A       100%        5
 Metabolic Englaciation   Hex/Ice        0%         N/A       100%        5
 Summon Mana Viper        Hex/Summ       0%         N/A       100%        5
 Statue Form              Tmut/Erth      0%         N/A       100%        6
 Discord                  Hex            0%         N/A       100%        8
 Shatter                  Erth           0%         3d5*      100%        9


Dungeon Overview and Level Annotations

Branches:
Dungeon (10/15)            Temple (1/1) D:6            Lair (6/6) D:9
 Shoals (1/4) Lair:4       Spider (1/4) Lair:2        Slime (1/5) Lair:6
    Orc (2/2) D:10            Elf (0/3) Orc:2

Altars:
Ashenzari
Cheibriados
Dithmenos
Elyvilon
Fedhas
Gozag
Hepliaklqana
Kikubaaqudgha
Makhleb
Nemelex Xobeh
Okawaru
Qazlal
Ru
Sif Muna
Trog
Uskayaw
Vehumet
Wu Jian
Xom
Yredelemnul
Zin
The Shining One

Shops:
D:2 (   D:7 *   Orc:2 [

Annotations:
D:5 1 runed translucent door, scisormetimb3rs's ghost, novice HOFi
D:8 3 runed translucent doors, Lobster4's ghost, novice DrWn
Lair:5 2 transporters, RBrandon's ghost, journeyman DjCA
Lair:6 3 runed translucent doors, exclusion: oklob plant, Sede's ghost, journeyman HOFi


Innate Abilities, Weirdness & Mutations

You have a pair of horns on your head.
You reflexively headbutt those who attack you in melee.


Message History

Reactivating autopickup.
You feel less confused.
There is a stone staircase leading down, spattered with blood here.
You hit the orc warrior but do no damage.
The orc warrior is severely wounded.
You hit something but do no damage. Something hits you but does no damage.
Deactivating autopickup; reactivate with Ctrl-A.
You hit the orc warrior but do no damage.
You headbutt the orc warrior, but do no damage.
The orc warrior is severely wounded.
You barely miss something.
The orc warrior hits you with a +0 mace.
* * * LOW HITPOINT WARNING * * *
You hit the orc warrior but do no damage.
The orc warrior is severely wounded.
You hit something but do no damage. Something hits you but does no damage.
You hit the orc warrior.
You headbutt the orc warrior, but do no damage.
The orc warrior is almost dead.
You hit something but do no damage.
The orc warrior hits you with a +0 mace.
* * * LOW HITPOINT WARNING * * *
Something hits you.
* * * LOW HITPOINT WARNING * * *
You hit the orc warrior but do no damage.
Your headbutt misses the orc warrior.
The orc warrior is almost dead.
You closely miss something.
The orc warrior hits you with a +0 mace!
* * * LOW HITPOINT WARNING * * *
You barely miss the orc warrior.
The orc warrior is almost dead.
You barely miss something. Something hits you but does no damage.
Unknown command.
You closely miss the orc warrior.
The orc warrior is almost dead.
You hit something.
The orc warrior hits you with a +0 mace!
You die...
Your body crumbles into a pile of gold.

#............#...........#..##
##.#.##.#...#....#.....##...#
#######...##......)..####.## #
#.................#### #
###........[........## #
##.#.......#..........#
#......#..............##
#...........o..........##
#...........@.........#.##
##...........{...........#
#........................#
#........................##
##..#.....................#
#................##...#.##
##................##..##.##
##.......................#
###....................##


You could see an orc warrior.

Vanquished Creatures
  Josephine (Orc:2)
  4 hydras
  3 catoblepae (Lair:6)
  A two-headed ogre (Orc:2)
  8 death yaks
  An orc high priest (Orc:2)
  Pikel (D:4)
  2 orc knights
  2 orc sorcerers (Orc:2)
  A wolf spider (Lair:2)
  2 manticores (Lair:6)
  2 black mambas
  An unseen horror (D:8)
  12 cane toads
  A gargoyle (D:7)
  6 komodo dragons
  4 rime drakes
  A burning bush (Lair:4)
  3 trolls
  A queen bee (Lair:1)
  2 meliai (Lair:2)
  2 polar bears
  A hornet (D:9)
  Grinder (D:3)
  5 slime creatures
  10 blink frogs
  5 dream sheep (Lair:5)
  5 wraiths
  A snapping turtle (Lair:4)
  A vampire (D:10)
  2 jumping spiders (Lair:2)
  10 wyverns
  35 yaks
  6 basilisks
  Eustachio (D:6)
  15 water moccasins
  2 ice beasts (D:6)
  2 sky beasts
  7 orc warriors
  7 black bears
  5 ogres
  2 centaurs
  22 wolves
  2 phantoms
  2 kobold brigands
  3 lemures (D:4)
  14 bullfrogs
  2 gnoll sergeants
  A wyvern zombie (D:6)
  3 scorpions
  25 killer bees
  2 electric eels (Lair:5)
  A howler monkey (D:4)
  4 centaur zombies
  A bullfrog zombie (D:5)
  2 gnoll shamans (D:5)
  3 jellies
  5 orc priests
  A bullfrog skeleton (D:6)
  2 hounds
  6 orc wizards
  A scorpion zombie (D:5)
  A hound zombie (D:5)
  4 hound skeletons
  Robin (D:3)
  3 howler monkey zombies
  12 gnolls
  6 adders
  A howler monkey skeleton (D:6)
  A shadow imp (D:5)
  A worm (D:2)
  4 dart slugs
  36 orcs
  6 ball pythons
  4 bats
  6 endoplasms
  3 giant cockroaches
  10 goblins
  16 hobgoblins
  8 jackals
  3 quokkas
  12 kobolds
  10 rats
434 creatures vanquished.

Vanquished Creatures (others)
  20 fungi
  52 plants
72 creatures vanquished.

Grand Total: 506 creatures vanquished

Notes
Turn   | Place    | Note
-------+----------+-------------------------------------------
     0 | D:1      | ZombieSheep the Minotaur Gladiator began the quest for the
                  | Orb.
     0 | D:1      | Reached XP level 1. HP: 18/18 MP: 0/0
   320 | D:1      | Reached XP level 2. HP: 14/25 MP: 1/1
   663 | D:1      | Reached skill level 1 in Armour
   970 | D:1      | Found a faded altar of an unknown god.
  1075 | D:2      | Reached XP level 3. HP: 28/30 MP: 2/2
  1553 | D:2      | Found Ukaave's Antique Weapon Emporium.
  2275 | D:3      | Reached XP level 4. HP: 35/38 MP: 3/3
  2417 | D:3      | Reached skill level 1 in Polearms
  2535 | D:3      | Identified the +7 hand axe of Tishrit {vorpal, rElec}
  2535 | D:3      | Noticed Grinder
  2547 | D:3      | Paralysed by Grinder for 5 turns
  2559 | D:3      | Killed Grinder
  2560 | D:3      | Reached XP level 5. HP: 23/46 MP: 4/4
  2560 | D:3      | Reached XP level 6. HP: 26/52 MP: 5/5
  2767 | D:3      | Noticed Robin
  2783 | D:3      | Killed Robin
  3129 | D:4      | Noticed Pikel
  3152 | D:4      | Killed Pikel
  3153 | D:4      | Reached skill level 5 in Fighting
  3153 | D:4      | Reached skill level 5 in Dodging
  3153 | D:4      | Reached XP level 7. HP: 29/61 MP: 6/6
  3511 | D:4      | Reached skill level 5 in Armour
  3816 | D:4      | Found a snail-covered altar of Cheibriados.
  4033 | D:5      | Entered Level 5 of the Dungeon
  4056 | D:5      | Found a runed translucent door.
  4056 | D:5      | Noticed scisormetimb3rs's ghost (novice HOFi)
  4087 | D:5      | Reached XP level 8. HP: 70/70 MP: 7/7
  4323 | D:5      | Reached skill level 5 in Axes
  5619 | D:6      | Reached XP level 9. HP: 68/79 MP: 8/8
  5716 | D:6      | Found a staircase to the Ecumenical Temple.
  5735 | Temple   | Entered the Ecumenical Temple
  5859 | Temple   | Became a worshipper of Gozag Ym Sagoz the Greedy
  5901 | D:6      | Got Ruxzio's Disquisition on Creation and Air
  5993 | D:6      | Noticed Eustachio
  6000 | D:6      | Killed Eustachio
  6448 | D:6      | Identified the +0 pair of boots of Altruism {*Slow rF+ rN+
                  | Will+}
  6775 | D:7      | Found Xecrog's Mayhem Merchandise.
  6830 | D:7      | Noticed a gargoyle
  6858 | D:7      | Killed a gargoyle
  7858 | D:8      | Noticed Lobster4's ghost (novice DrWn)
  7859 | D:8      | Found a runed translucent gate.
  7861 | D:8      | Found a runed translucent gate.
  7861 | D:8      | Found a runed translucent gate.
  8088 | D:8      | Reached XP level 10. HP: 82/91 MP: 9/9
  9843 | D:9      | Identified the +1 hat "Beehe" {Rampage rElec rPois rC-}
  9897 | D:9      | Reached skill level 10 in Fighting
 10355 | D:9      | Reached skill level 10 in Armour
 10584 | D:9      | Reached XP level 11. HP: 101/101 MP: 10/10
 10587 | D:9      | Found a staircase to the Lair.
 10780 | D:10     | Entered Level 10 of the Dungeon
 10888 | D:10     | Reached skill level 10 in Axes
 10888 | D:10     | Reached skill level 10 in Dodging
 11540 | D:10     | Found a staircase to the Orcish Mines.
 11638 | Lair:1   | Entered Level 1 of the Lair of Beasts
 11638 | Lair:1   | Noticed an eight-headed hydra
 11652 | D:9      | Killed an eight-headed hydra
 12944 | Lair:1   | Got the Handbook of Unstable Clay
 14114 | Lair:2   | Reached XP level 12. HP: 78/112 MP: 11/11
 14846 | Lair:2   | Found a hole to the Spider Nest.
 15510 | Spider:1 | Entered Level 1 of the Spider Nest
 15732 | Lair:3   | Noticed a death yak
 15732 | Lair:3   | Noticed a death yak
 15732 | Lair:3   | Noticed a death yak
 15759 | Lair:3   | Killed a death yak
 15767 | Lair:3   | Killed a death yak
 15774 | Lair:3   | Killed a death yak
 16017 | Lair:3   | Noticed an eight-headed hydra
 16062 | Lair:3   | Killed an eight-headed hydra
 17472 | Lair:4   | Found a staircase to the Shoals.
 17678 | Shoals:1 | Entered Level 1 of the Shoals
 18004 | Lair:5   | Noticed a six-headed hydra
 18027 | Lair:5   | Killed a six-headed hydra
 18028 | Lair:5   | Reached XP level 13. HP: 70/122 MP: 12/12
 18477 | Lair:5   | Noticed RBrandon's ghost (journeyman DjCA)
 18484 | Lair:5   | Found a transporter.
 18507 | Lair:5   | Found a transporter.
 19272 | Lair:6   | Entered Level 6 of the Lair of Beasts
 19274 | Lair:6   | Found a runed translucent gate.
 19346 | Lair:6   | Found a runed translucent gate.
 19353 | Lair:6   | Found the dreamshard necklace {*Dream Drain}
 19354 | Lair:6   | Found a runed translucent gate.
 19354 | Lair:6   | Noticed Sede's ghost (journeyman HOFi)
 19567 | Lair:6   | Found a staircase to the Slime Pits.
 19721 | Slime:1  | Entered Level 1 of the Pits of Slime
 21163 | Orc:1    | Entered Level 1 of the Orcish Mines
 21350 | Orc:2    | Entered Level 2 of the Orcish Mines
 22090 | Orc:2    | Found Imouh's Antique Armour Emporium.
 22098 | Orc:2    | Bought a pair of runed boots for 217 gold pieces
 22152 | Orc:2    | Found a staircase to the Elven Halls.
 22283 | Orc:1    | Noticed Josephine
 22494 | Orc:2    | Killed Josephine
 22888 | Orc:1    | Reached XP level 14. HP: 121/133 MP: 13/13
 23208 | Orc:1    | HP: 2/133 [orc warrior (12)]
 23210 | Orc:1    | Mangled by an orc warrior

Illustrated notes

Levels and vault maps discovered:
D:1:      nicolae_arrival_memento_mori, layout_loops_corners,
          basic_ecumenical_altar
D:2:      layout_loops_ring, serial_shops, shop, serial_co_window_serial,
          co_window_corner_a, co_window_paths_a, co_window_corner_a,
          co_window_paths_a, co_window_paths_a, co_window_2corner,
          co_window_cross_2, co_window_corner_cb, co_window_corner_ca,
          co_window_unsneaky_path_a, co_window_2corner, glass_columns_a,
          glass_columns_c, glass_columns_c, glass_columns_b, glass_columns_b
D:3:      layout_loops_ring, uniq_grinder, uniq_robin
D:4:      layout_loops_ring, nicolae_overflow_crystal_walls,
          roderic_malta_cross, uniq_pikel
D:5:      layout_gridville, hellmonk_ghost_happy_afterlife, nzn_random_ring
D:6:      layout_basic, minmay_temple_entry_large_hall, portal_sewer_entry_a,
          uniq_eustachio
D:7:      layout_loops_ring, minmay_shop_mayhem
D:8:      layout_loops_ring, ebering_ghost_rock_garden
D:9:      layout_irregular_city, minmay_lair_entry_grove
D:10:     layout_roguey, orc_0_dummy, lemuel_flamethrower_1
Temple:   kilobyte_greek_temple
Lair:1:   layout_cave_pods, special_room [special_room_bee], lemuel_old_faithful
Lair:2:   layout_layer_cave, spider_nest_entry_funnel_web
Lair:3:   layout_loops_ring
Lair:4:   layout_long_grid, minmay_shoals_entry_hut, evilmike_ambush
          [evilmike_ambush_outer_pillars, evilmike_ambush_inner_basic]
Lair:5:   layout_gridlike, gammafunk_ghost_berserking_beasts, st_stairs_7,
          lookout_lair_type, infiniplex_staircase_pool, serial_bayou_shore_a
Lair:6:   evilmike_catoblepas_cave, layout_misc_corridors,
          minmay_slime_entry_pillars, gammafunk_ghost_necromancy
Shoals:1: layout_shoals, serial_shops, nicolae_shop_advertising_works
          [nicolae_subvault_shop_adworks]
Spider:1: layout_spider_delve
Slime:1:  layout_caves
Orc:1:    layout_caves, uniq_josephine
Orc:2:    grunt_orc_cross, layout_diamond_mine, serial_shops, shop

Skill      XL: |  1  2  3  4  5  6  7  8  9 10 11 12 13 |
---------------+----------------------------------------+-----
Axes           | 4 6 8 9 11 13 14 | 14.5
Armour         | 1 3 4 5 6 8 10 11 13 14 | 14.5
Fighting       | 3 4 5 7 9 10 12 13 14 | 14.8
Polearms       | 2 4 |  4.7
Dodging        | 4 5 7 8 9 11 12 13 | 13.9
Throwing       | |  2.0

Action                   |  1- 3 |  4- 6 |  7- 9 | 10-12 | 13-15 || total
-------------------------+-------+-------+-------+-------+-------++-------
Melee: War axe           |    65 |     8 |       |       |       ||    73
       Headbutt          |    11 |    16 |    47 |   160 |   139 ||   373
       Spear             |    12 |    80 |    43 |    36 |    16 ||   187
       Punch             |     1 |     2 |     3 |    14 |     5 ||    25
       Hand axe          |       |       |   210 |   681 |   435 ||  1326
Throw: Throwing net      |       |     5 |     3 |       |       ||     8
  Use: Scroll            |     4 |     2 |    13 |     9 |     1 ||    29
       Potion            |       |       |     2 |     2 |     2 ||     6
 Stab: Held in net/web   |       |     1 |     3 |       |       ||     4
       Distracted        |       |       |       |     7 |     4 ||    11
Armor: Leather armour    |     3 |       |       |       |       ||     3
       Ring mail         |    18 |     2 |       |       |       ||    20
       Chain mail        |       |     9 |    77 |    36 |       ||   122
       Plate armour      |       |       |       |   356 |   189 ||   545
Dodge: Dodged            |    51 |    22 |    59 |   269 |   172 ||   573
